 Dungeon Crawl Stone Soup version 0.30.1-11-g7821555f0a (webtiles) character file.

Game seed: 14461656732936978627

8708 rumournova the Cleaver (level 11, -2/88 (94) HPs)
             Began as a Black Draconian Wanderer on Nov 18, 2023.
             Was an Initiate of Gozag.
             Slain by a fire giant
             ... wielding a +1 great sword of flaming
              (4 damage)
             ... on level 10 of the Dungeon.
             The game lasted 00:52:24 (10277 turns).

rumournova the Cleaver (Black Draconian Wanderer)  Turns: 10277, Time: 00:52:25

HP:   -2/88 (94)    AC: 13    Str: 20    XL:     11   Next: 13%
MP:   0/12          EV: 14    Int: 11    God:    Gozag
Gold: 1777          SH: 10    Dex: 17    Spells: 11/12 levels left

rFire   + . .        i - +0 war axe
rCold   . . .        c - +2 kite shield {reflect}
rNeg    . . .        (body armour unavailable)
rPois   .            (helmet restricted)
rElec   +            s - +1 cloak
rCorr   .            (no gloves)
SInv    .            (no boots)
Will    .....        q - amulet of guardian spirit
Stlth   +++          y - +6 ring of dexterity
HPRegen 0.34/turn    d - +4 ring of protection
MPRegen 0.13/turn

%: reflection, guardian spirit
@: drained
A: breathe lightning, AC +7, unfitting armour, electricity resistance,
cold-blooded, talons 1, fire resistance 1
a: Breathe Lightning, Renounce Religion, Potion Petition, Call Merchant, Bribe
Branch


You were on level 10 of the Dungeon.
You worshipped Gozag.
Gozag was most pleased with you.
You visited 2 branches of the dungeon, and saw 11 of its levels.

You collected 2111 gold pieces.
You spent 334 gold pieces at shops.

Inventory:

Hand Weapons
 e - a +5 dire flail
 g - a +4 scimitar of flaming
 i - a +0 war axe (weapon)
 l - a +4 dagger
 C - a +3 dagger of chaos
Missiles
 n - 6 atropa-tipped darts
 r - 18 boomerangs
 x - 9 poisoned darts
Armour
 c - a +2 kite shield of reflection (worn)
 s - a +1 cloak (worn)
Jewellery
 d - a +4 ring of protection (right hand)
 j - a ring of positive energy
 k - an amulet of magic regeneration
 o - an amulet of regeneration
 q - an amulet of guardian spirit (around neck)
 w - a ring of protection from fire
 y - a +6 ring of dexterity (left hand)
 A - a ring of fire
Wands
 t - a wand of light (10)
 v - a wand of polymorph (11)
Scrolls
 b - a scroll of magic mapping
 h - 4 scrolls of teleportation
Potions
 a - 3 potions of haste
 p - 3 potions of curing
 u - 2 potions of flight


   Skills:
 + Level 8.0 Fighting
 + Level 3.6 Long Blades
 + Level 11.2(11.3) Axes
 + Level 1.2(7.2) Maces & Flails
 + Level 2.1(7.4) Polearms
 + Level 7.3 Dodging
 + Level 4.0 Stealth
 + Level 1.2 Shields
 + Level 4.8 Unarmed Combat
 + Level 1.0 Spellcasting
 + Level 2.1 Fire Magic
 + Level 2.9 Evocations


You had 11 spell levels left.
You knew the following spells:

 Your Spells              Type           Power      Damage    Failure   Level
a - Foxfire               Conj/Fire      8%         2x1d4     50%         1

Your spell library contained the following spells:

 Spells                   Type           Power      Damage    Failure   Level
 Volatile Blastmotes      Fire/Tloc      4%         2d10      86%         3
 Vhi's Electric Charge    Tloc/Air       0%         N/A       94%         3
 Arcjolt                  Conj/Air       0%         1d10      100%        5
 Maxwell's Capacitive Co  Air            0%         ∞         100%        8


Dungeon Overview and Level Annotations

Branches:
Dungeon (10/15)            Temple (1/1) D:7             Orc (0/2) D:9
   Lair: D:8-11

Altars:
Ashenzari
Dithmenos
Elyvilon
Fedhas
Gozag
Hepliaklqana
Kikubaaqudgha
Makhleb
Nemelex Xobeh
Qazlal
Ru
Sif Muna
Trog
Vehumet
Wu Jian
Xom
Zin
The Shining One

Shops:
D:7 !   D:9 [


Innate Abilities, Weirdness & Mutations

You can breathe wild blasts of lightning.
Your glossy black scales are hard. (AC +7)
You cannot fit into any form of body armour.
You are resistant to electric shocks. (rElec)
You are cold-blooded and may be slowed by cold attacks.
You have sharp toenails.
Your flesh is heat resistant. (rF+)


Message History

Things that are here:
a +5 dire flail; a +0 robe
Items here: )) [[.
Things that are here:
a +5 dire flail; a +0 robe
e - a +5 dire flail Magic restored.
Items here: )) [[.
A fire giant comes into view.
It is wielding a +1 great sword of flaming.
The fire giant shouts!
The fire giant points at you and mumbles some strange words.
The bolt of fire hits you! You resist.
Aiming: Bolt of Light
Press: ? - help, Q - select action, (/) - cycle Shift-Dir - straight line, f - fire giant
Aim: a fire giant, wielding a +1 great sword of flaming (94% to hit)
The bolt of light hits the fire giant!
The fire giant is lightly wounded.
The fire giant is blinded.
Aiming: Bolt of Light
Press: ? - help, Q - select action, (/) - cycle Shift-Dir - straight line, f/p - fire giant
Aim: a fire giant, wielding a +1 great sword of flaming (lightly wounded, blind, 94% to hit)
The bolt of light hits the fire giant!
The fire giant is moderately wounded.
The fire giant points at you and mumbles some strange words.
The fireball explodes!
The fireball engulfs you! You resist.
The fire giant hits you with a +1 great sword of flaming!!
You hit the fire giant but do no damage.
You claw the fire giant, but do no damage.
The fire giant is moderately wounded.
The fire giant hits you with a +1 great sword of flaming!!
* * * LOW HITPOINT WARNING * * *
The fire giant burns you.
* * * LOW HITPOINT WARNING * * *
You completely miss the fire giant.
The fire giant is lightly wounded.
The fire giant hits you with a +1 great sword of flaming!!
* * * LOW HITPOINT WARNING * * *
The fire giant burns you.
You die...
Your body crumbles into a pile of gold.

..# $..# #. #.# #.
#.# #.# #.#
#.##### #.#
#.....# #.# .#
#.....###.###...#
#.>......@C.....#
#.....###.###.#...
#######.....# #.#
........#)### #.#
#########[# #.#
#.# #.. #.# ###
#.# #####.#


You could see a fire giant (blind).

Vanquished Creatures
  Erica (D:8)
  A two-headed ogre (D:9)
  Psyche (D:8)
  3 trolls
  A hornet (D:9)
  2 wraiths (D:10)
  12 yaks
  Grum (D:9)
  4 steam dragons
  A vampire mosquito (D:10)
  2 acid dragons
  3 black bears
  3 orc warriors
  2 sky beasts
  5 centaurs
  2 ice beasts
  2 wolves (D:9)
  An ogre (D:5)
  A kobold brigand (D:9)
  3 phantoms
  4 bullfrogs (D:6)
  A scorpion (D:6)
  3 wights (D:10)
  5 howler monkeys
  A jelly (D:5)
  9 hounds
  2 orc priests
  A sleepcap (D:6)
  7 iguanas
  8 orc wizards
  4 gnolls (D:3)
  6 adders
  2 white imps (D:6)
  3 ufetubi (D:6)
  4 worms
  5 dart slugs
  59 orcs
  5 ball pythons
  4 endoplasms
  5 giant cockroaches
  6 goblins
  4 hobgoblins
  9 kobolds
  A quokka (D:4)
  4 bats
  A frilled lizard (D:3)
  11 rats
225 creatures vanquished.

Vanquished Creatures (others)
  A gnoll sergeant (D:10)
  3 orc wizards (D:10)
4 creatures vanquished.

Grand Total: 229 creatures vanquished

Notes
Turn   | Place    | Note
-------+----------+-------------------------------------------
     0 | D:1      | rumournova the Draconian Wanderer began the quest for the
                  | Orb.
     0 | D:1      | rumournova set off with the following items: a +0 club, a
                  | potion of brilliance, a wand of flame (7), a potion of
                  | curing, a potion of heal wounds; and the following spell
                  | memorised: Foxfire; and the following spells available to
                  | memorise: Volatile Blastmotes.
     0 | D:1      | Reached XP level 1. HP: 14/14 MP: 2/2
   249 | D:1      | Reached XP level 2. HP: 20/20 MP: 3/3
   613 | D:1      | Gained mutation: Your flesh is heat resistant. (rF+)
                  | [potion of mutation]
   613 | D:1      | Gained mutation: You have sharp toenails. [potion of
                  | mutation]
   642 | D:1      | Found a faded altar of an unknown god.
   645 | D:1      | Prayed at the altar of an unknown god.
   645 | D:1      | Became a worshipper of Gozag Ym Sagoz the Greedy
   820 | D:2      | Reached XP level 3. HP: 25/27 MP: 4/4
  1165 | D:2      | Identified the scarf "Ilucudun" {+Inv, rCorr}
  1543 | D:3      | Reached skill level 1 in Maces & Flails
  1687 | D:3      | Reached XP level 4. HP: 22/34 MP: 5/5
  1691 | D:3      | Reached skill level 1 in Fighting
  1704 | D:3      | Reached skill level 1 in Polearms
  2492 | D:4      | Reached XP level 5. HP: 39/40 MP: 6/6
  2650 | D:4      | Reached skill level 1 in Axes
  2880 | D:4      | Noticed a phantom
  2888 | D:4      | Killed a phantom
  2889 | D:4      | Reached skill level 2 in Axes
  2889 | D:4      | Reached skill level 1 in Stealth
  2889 | D:4      | Reached XP level 6. HP: 48/48 MP: 7/7
  3167 | D:4      | Found a broken altar of Ashenzari.
  3290 | D:5      | Entered Level 5 of the Dungeon
  3513 | D:5      | Identified the +1 short sword "Toda" {antimagic, Dex+3}
  3629 | D:5      | Reached skill level 3 in Axes
  3823 | D:5      | You fall into a shaft and drop 3 floors!
  3833 | D:8      | Noticed an ice beast
  3843 | D:8      | Killed an ice beast
  3844 | D:8      | Your scales start taking on a glossy black colour.
  3844 | D:8      | Reached XP level 7. HP: 47/56 MP: 8/8
  3844 | D:8      | Gained mutation: You are resistant to electric shocks.
                  | (rElec) [Black Draconian growth]
  3926 | D:7      | Found a staircase to the Ecumenical Temple.
  3990 | Temple   | Entered the Ecumenical Temple
  4106 | D:7      | Found Sioduwiok's Distillery.
  4166 | D:7      | Reached skill level 4 in Axes
  4218 | D:7      | Bought a potion of heal wounds for 75 gold pieces
  4356 | D:6      | Reached skill level 5 in Axes
  4489 | D:6      | Noticed a steam dragon
  4496 | D:6      | Reached XP level 8. HP: 52/64 MP: 9/9
  4911 | D:5      | Reached skill level 6 in Axes
  5360 | D:6      | Reached skill level 7 in Axes
  5511 | D:6      | Identified the +0 scale mail of Yclou {Will+ Int+3}
  5525 | D:6      | Identified the +1 dagger "Ejackuf" {flame, rElec Int-4
                  | Stlth+}
  5544 | D:6      | Reached skill level 5 in Fighting
  5628 | D:6      | Reached skill level 5 in Dodging
  5628 | D:6      | Reached XP level 9. HP: 48/74 MP: 10/10
  5895 | D:6      | Reached skill level 8 in Axes
  6754 | D:7      | Found a hazy altar of Hepliaklqana.
  6938 | D:7      | Reached skill level 9 in Axes
  6973 | D:7      | Noticed a troll
  6983 | D:7      | Killed a troll
  7025 | D:7      | Identified the +4 quarterstaff "Yniciff" {freeze, rC+
                  | Will+++ Int-2 Dex+3}
  7502 | D:8      | Noticed Erica
  7520 | D:8      | Killed Erica
  7521 | D:8      | Reached XP level 10. HP: 79/84 MP: 11/11
  7715 | D:8      | Noticed Psyche
  7727 | D:8      | Found a bloodstained altar of Trog.
  7897 | D:8      | Killed Psyche
  7898 | D:8      | Reached skill level 1 in Long Blades
  8096 | D:8      | Found a shadowy altar of Dithmenos.
  8212 | D:8      | Reached skill level 10 in Axes
  8270 | D:9      | Noticed a two-headed ogre
  8281 | D:9      | Killed a two-headed ogre
  8993 | D:9      | Found a staircase to the Orcish Mines.
  9022 | D:9      | Found Ehont's Armour Emporium.
  9024 | D:9      | Noticed Grum
  9061 | D:9      | Killed Grum
  9076 | D:9      | Bought a +2 kite shield of reflection for 259 gold pieces
  9476 | D:9      | Found a burning altar of Makhleb.
  9480 | D:9      | Found a glowing silver altar of Zin.
  9481 | D:9      | Noticed an Executioner
  9481 | D:9      | Noticed an angel
  9680 | D:9      | Reached skill level 1 in Shields
  9858 | D:10     | Entered Level 10 of the Dungeon
  9858 | D:10     | Found a shimmering altar of Xom.
  9880 | D:10     | Reached XP level 11. HP: 69/94 MP: 7/12
  9882 | D:10     | Reached skill level 11 in Axes
 10172 | D:10     | Found a sacrificial altar of Ru.
 10267 | D:10     | Noticed a fire giant
 10277 | D:10     | HP: 2/88 [fire giant/+1 great sword of flaming (17)]
 10277 | D:10     | Slain by a fire giant

Illustrated notes

Levels and vault maps discovered:
D:1:      minmay_arrival_four_loops, layout_rooms,
          hellmonk_ecumenical_altar_defaced_shrine, minmay_pentomino_p2
D:2:      layout_loops_ring
D:3:      layout_basic, item_on_display_a
D:4:      minmay_skewed_foursquare, layout_basic, kennysheep_mini_moat
D:5:      layout_loops_cross, kennysheep_crisscross, kennysheep_windowed_goal
D:6:      layout_rooms, nzn_random_ring
D:7:      layout_basic, mainiacjoe_overflow_alcove_4, minmay_temple_entry_tees,
          serial_shops, shop
D:8:      layout_loops_ring, kennysheep_little_box,
          nicolae_dithmenos_through_a_glass_darkly, uniq_psyche, uniq_erica
D:9:      layout_rooms, grunt_temple_overflow_order_and_chaos_2, serial_shops,
          nicolae_shop_tiny_statue_garden, minmay_crystal_room, uniq_grum
D:10:     layout_loops_ring, nicolae_ru_path_of_blood,
          mainiacjoe_overflow_two_lobes, xom_confusion_cloud, okawaru_trees_1,
          mainiacjoe_overflow_paths, minmay_three_doors
Temple:   nicolae_temple_ecumenical_triangle

Skill      XL: |  1  2  3  4  5  6  7  8  9 10 11 |
---------------+----------------------------------+-----
Maces & Flails | 1 |  1.2
Fighting       | 1 2 3 5 6 7 8 |  8.0
Dodging        | 2 3 4 5 6 7 |  7.3
Polearms       | 1 2 |  2.1
Axes           | 2 3 5 7 9 10 11 | 11.2
Stealth        | 1 2 3 4 |  4.0
Long Blades    | 3 |  3.6
Shields        | 1 |  1.2
Unarmed Combat | |  4.8
Spellcasting   | |  1.0
Fire Magic     | |  2.1
Evocations     | |  2.9

Action                     |  1- 3 |  4- 6 |  7- 9 | 10-12 || total
---------------------------+-------+-------+-------+-------++-------
  Melee: Club              |    79 |       |       |       ||    79
         Tailslap          |    14 |    16 |    59 |    44 ||   133
         Spear             |    61 |    17 |       |       ||    78
         Kick              |    15 |    50 |    89 |    67 ||   221
         Falchion          |       |    26 |       |       ||    26
         War axe           |       |   171 |   398 |   165 ||   734
         Punch             |       |     5 |     9 |       ||    14
         Scimitar          |       |       |       |    46 ||    46
         Unarmed           |       |       |       |    11 ||    11
Ability: Breathe Lightning |       |       |     1 |     1 ||     2
  Evoke: Wand              |       |     3 |       |     9 ||    12
    Use: Scroll            |     4 |     7 |     4 |     4 ||    19
         Potion            |     1 |     3 |    10 |     4 ||    18
   Stab: Sleeping          |     2 |     2 |     6 |     3 ||    13
         Distracted        |       |     1 |       |     1 ||     2
 Armour: Skin              |    75 |   103 |   244 |    71 ||   493
  Dodge: Dodged            |   107 |   122 |   272 |   141 ||   642
  Block: Kite shield       |       |       |       |    62 ||    62
         Reflection        |       |       |       |     3 ||     3
